%YAML 1.1
%TAG !u! tag:unity3d.com,2011:
--- !u!1 &630393484641595019
GameObject:
  m_ObjectHideFlags: 0
  m_CorrespondingSourceObject: {fileID: 0}
  m_PrefabInstance: {fileID: 0}
  m_PrefabAsset: {fileID: 0}
  serializedVersion: 6
  m_Component:
  - component: {fileID: 630393484641595016}
  - component: {fileID: 630393484641595017}
  m_Layer: 5
  m_Name: LevelCompleted
  m_TagString: Untagged
  m_Icon: {fileID: 0}
  m_NavMeshLayer: 0
  m_StaticEditorFlags: 0
  m_IsActive: 1
--- !u!224 &630393484641595016
RectTransform:
  m_ObjectHideFlags: 0
  m_CorrespondingSourceObject: {fileID: 0}
  m_PrefabInstance: {fileID: 0}
  m_PrefabAsset: {fileID: 0}
  m_GameObject: {fileID: 630393484641595019}
  m_LocalRotation: {x: 0, y: 0, z: 0, w: 1}
  m_LocalPosition: {x: 0, y: 0, z: 0}
  m_LocalScale: {x: 1, y: 1, z: 1}
  m_Children:
  - {fileID: 8475994490208355223}
  m_Father: {fileID: 0}
  m_RootOrder: 0
  m_LocalEulerAnglesHint: {x: 0, y: 0, z: 0}
  m_AnchorMin: {x: 0.5, y: 0.5}
  m_AnchorMax: {x: 0.5, y: 0.5}
  m_AnchoredPosition: {x: 0, y: 600}
  m_SizeDelta: {x: 100, y: 100}
  m_Pivot: {x: 0.5, y: 0.5}
--- !u!222 &630393484641595017
CanvasRenderer:
  m_ObjectHideFlags: 0
  m_CorrespondingSourceObject: {fileID: 0}
  m_PrefabInstance: {fileID: 0}
  m_PrefabAsset: {fileID: 0}
  m_GameObject: {fileID: 630393484641595019}
  m_CullTransparentMesh: 0
--- !u!114 &1918701915899805859
MonoBehaviour:
  m_ObjectHideFlags: 0
  m_CorrespondingSourceObject: {fileID: 0}
  m_PrefabInstance: {fileID: 0}
  m_PrefabAsset: {fileID: 0}
  m_GameObject: {fileID: 8475994490208355240}
  m_Enabled: 1
  m_EditorHideFlags: 0
  m_Script: {fileID: 11500000, guid: 2286326b07ab04ae38003d85e9d81499, type: 3}
  m_Name: 
  m_EditorClassIdentifier: 
  mp: {x: 0, y: 0, z: 0}
  txt: {fileID: 8475994490208355222}
  format: LEVEL (data) COMPLETED
--- !u!1001 &5848639806520067633
PrefabInstance:
  m_ObjectHideFlags: 0
  serializedVersion: 2
  m_Modification:
    m_TransformParent: {fileID: 630393484641595016}
    m_Modifications:
    - target: {fileID: 2632990592549717401, guid: aeecf5e7ac41e9f49b7cc3667971e7b4,
        type: 3}
      propertyPath: m_Name
      value: Title
      objectReference: {fileID: 0}
    - target: {fileID: 2632990592549717414, guid: aeecf5e7ac41e9f49b7cc3667971e7b4,
        type: 3}
      propertyPath: m_LocalPosition.x
      value: 0
      objectReference: {fileID: 0}
    - target: {fileID: 2632990592549717414, guid: aeecf5e7ac41e9f49b7cc3667971e7b4,
        type: 3}
      propertyPath: m_LocalPosition.y
      value: 0
      objectReference: {fileID: 0}
    - target: {fileID: 2632990592549717414, guid: aeecf5e7ac41e9f49b7cc3667971e7b4,
        type: 3}
      propertyPath: m_LocalPosition.z
      value: 0
      objectReference: {fileID: 0}
    - target: {fileID: 2632990592549717414, guid: aeecf5e7ac41e9f49b7cc3667971e7b4,
        type: 3}
      propertyPath: m_LocalRotation.x
      value: -0
      objectReference: {fileID: 0}
    - target: {fileID: 2632990592549717414, guid: aeecf5e7ac41e9f49b7cc3667971e7b4,
        type: 3}
      propertyPath: m_LocalRotation.y
      value: -0
      objectReference: {fileID: 0}
    - target: {fileID: 2632990592549717414, guid: aeecf5e7ac41e9f49b7cc3667971e7b4,
        type: 3}
      propertyPath: m_LocalRotation.z
      value: -0
      objectReference: {fileID: 0}
    - target: {fileID: 2632990592549717414, guid: aeecf5e7ac41e9f49b7cc3667971e7b4,
        type: 3}
      propertyPath: m_LocalRotation.w
      value: 1
      objectReference: {fileID: 0}
    - target: {fileID: 2632990592549717414, guid: aeecf5e7ac41e9f49b7cc3667971e7b4,
        type: 3}
      propertyPath: m_RootOrder
      value: 0
      objectReference: {fileID: 0}
    - target: {fileID: 2632990592549717414, guid: aeecf5e7ac41e9f49b7cc3667971e7b4,
        type: 3}
      propertyPath: m_LocalEulerAnglesHint.x
      value: 0
      objectReference: {fileID: 0}
    - target: {fileID: 2632990592549717414, guid: aeecf5e7ac41e9f49b7cc3667971e7b4,
        type: 3}
      propertyPath: m_LocalEulerAnglesHint.y
      value: 0
      objectReference: {fileID: 0}
    - target: {fileID: 2632990592549717414, guid: aeecf5e7ac41e9f49b7cc3667971e7b4,
        type: 3}
      propertyPath: m_LocalEulerAnglesHint.z
      value: 0
      objectReference: {fileID: 0}
    - target: {fileID: 2632990592549717414, guid: aeecf5e7ac41e9f49b7cc3667971e7b4,
        type: 3}
      propertyPath: m_AnchoredPosition.x
      value: 0
      objectReference: {fileID: 0}
    - target: {fileID: 2632990592549717414, guid: aeecf5e7ac41e9f49b7cc3667971e7b4,
        type: 3}
      propertyPath: m_AnchoredPosition.y
      value: 0
      objectReference: {fileID: 0}
    - target: {fileID: 2632990592549717414, guid: aeecf5e7ac41e9f49b7cc3667971e7b4,
        type: 3}
      propertyPath: m_SizeDelta.x
      value: 800
      objectReference: {fileID: 0}
    - target: {fileID: 2632990592549717414, guid: aeecf5e7ac41e9f49b7cc3667971e7b4,
        type: 3}
      propertyPath: m_SizeDelta.y
      value: 300
      objectReference: {fileID: 0}
    - target: {fileID: 2632990592549717414, guid: aeecf5e7ac41e9f49b7cc3667971e7b4,
        type: 3}
      propertyPath: m_AnchorMin.x
      value: 0.5
      objectReference: {fileID: 0}
    - target: {fileID: 2632990592549717414, guid: aeecf5e7ac41e9f49b7cc3667971e7b4,
        type: 3}
      propertyPath: m_AnchorMin.y
      value: 0.5
      objectReference: {fileID: 0}
    - target: {fileID: 2632990592549717414, guid: aeecf5e7ac41e9f49b7cc3667971e7b4,
        type: 3}
      propertyPath: m_AnchorMax.x
      value: 0.5
      objectReference: {fileID: 0}
    - target: {fileID: 2632990592549717414, guid: aeecf5e7ac41e9f49b7cc3667971e7b4,
        type: 3}
      propertyPath: m_AnchorMax.y
      value: 0.5
      objectReference: {fileID: 0}
    - target: {fileID: 2632990592549717414, guid: aeecf5e7ac41e9f49b7cc3667971e7b4,
        type: 3}
      propertyPath: m_Pivot.x
      value: 0.5
      objectReference: {fileID: 0}
    - target: {fileID: 2632990592549717414, guid: aeecf5e7ac41e9f49b7cc3667971e7b4,
        type: 3}
      propertyPath: m_Pivot.y
      value: 0.5
      objectReference: {fileID: 0}
    - target: {fileID: 2632990592549717415, guid: aeecf5e7ac41e9f49b7cc3667971e7b4,
        type: 3}
      propertyPath: m_Text
      value: LEVEL 1 COMPLETED
      objectReference: {fileID: 0}
    m_RemovedComponents: []
  m_SourcePrefab: {fileID: 100100000, guid: aeecf5e7ac41e9f49b7cc3667971e7b4, type: 3}
--- !u!1 &8475994490208355240 stripped
GameObject:
  m_CorrespondingSourceObject: {fileID: 2632990592549717401, guid: aeecf5e7ac41e9f49b7cc3667971e7b4,
    type: 3}
  m_PrefabInstance: {fileID: 5848639806520067633}
  m_PrefabAsset: {fileID: 0}
--- !u!224 &8475994490208355223 stripped
RectTransform:
  m_CorrespondingSourceObject: {fileID: 2632990592549717414, guid: aeecf5e7ac41e9f49b7cc3667971e7b4,
    type: 3}
  m_PrefabInstance: {fileID: 5848639806520067633}
  m_PrefabAsset: {fileID: 0}
--- !u!114 &8475994490208355222 stripped
MonoBehaviour:
  m_CorrespondingSourceObject: {fileID: 2632990592549717415, guid: aeecf5e7ac41e9f49b7cc3667971e7b4,
    type: 3}
  m_PrefabInstance: {fileID: 5848639806520067633}
  m_PrefabAsset: {fileID: 0}
  m_GameObject: {fileID: 8475994490208355240}
  m_Enabled: 1
  m_EditorHideFlags: 0
  m_Script: {fileID: 11500000, guid: 5f7201a12d95ffc409449d95f23cf332, type: 3}
  m_Name: 
  m_EditorClassIdentifier: 
